 Dungeon Crawl Stone Soup version 0.28.0-53-g5a82cb258f (webtiles) character file.

Game seed: 15556831512263145296

65 wingedge the Gusty (level 3, 0/26 HPs)
             Began as a Draconian Air Elementalist on June 8, 2022.
             Slain by an ogre
             ... wielding a +0 giant club
              (26 damage)
             ... on level 1 of the Dungeon.
             The game lasted 00:05:39 (1443 turns).

wingedge the Gusty (Draconian Air Elementalist)     Turns: 1443, Time: 00:05:40

Health: 0/26       AC:  5    Str: 10    XL:     3   Next: 94%
Magic:  2/6        EV: 12    Int: 17    God:
Gold:   72         SH:  0    Dex: 11    Spells: 6/7 levels left

rFire   . . .      SeeInvis .   c - +0 spear
rCold   . . .      Faith    .   (no shield)
rNeg    . . .      Spirit   .   (armour unavailable)
rPois   .          Reflect  .   (helmet restricted)
rElec   .          Harm     .   (no cloak)
rCorr   .          Rampage  .   (no gloves)
Will    .....                   (no boots)
Stlth   ++........              (no amulet)
HPRegen 0.08/turn               (no ring)
MPRegen 0.10/turn               (no ring)

@: no status effects
A: AC +5, unfitting armour, cold-blooded
a: no special abilities


You were on level 1 of the Dungeon.
You visited 1 branch of the dungeon, and saw 2 of its levels.

You collected 72 gold pieces.

Inventory:

Hand Weapons
 c - a +0 spear (weapon)
 d - a +0 dagger
 e - a +1 flail of holy wrath
Missiles
 a - 89 stones (quivered)
 f - 41 arrows
 g - 69 bolts
Armour
 r - an orb of guile
Scrolls
 b - a scroll of teleportation {unknown}
 h - 3 scrolls of fog {unknown}
 i - a scroll of holy word {unknown}
 j - a scroll of identify {unknown}
 k - a scroll of amnesia {unknown}
 l - a scroll of magic mapping {unknown}
 q - a scroll of torment {unknown}
Potions
 m - 2 potions of haste {unknown}
 n - a potion of heal wounds {unknown}
 o - a potion of lignification {unknown}
 p - a potion of degeneration {unknown}


   Skills:
 - Level 2.0 Dodging
 - Level 2.0 Stealth
 * Level 2.6 Spellcasting
 + Level 1.9 Conjurations
 * Level 3.8 Air Magic


You had 6 spell levels left.
You knew the following spells:

 Your Spells              Type           Power      Damage    Failure   Level
a - Shock                 Conj/Air       48%        1d6       5%          1

Your spell library contained the following spells:

 Spells                   Type           Power      Damage    Failure   Level
 Static Discharge         Conj/Air       12%        N/A       9%          2
 Swiftness                Air            15%        N/A       11%         3
 Animate Skeleton         Necr           4%         N/A       19%         1
 Apportation              Tloc           4%         N/A       19%         1
 Summon Small Mammal      Summ           8%         N/A       19%         1
 Airstrike                Air            7%         N/A       36%         4


Dungeon Overview and Level Annotations

Branches:
Dungeon (2/15)

Altars:


Innate Abilities, Weirdness & Mutations

Your plain brown scales are hard. (AC +5)
You cannot fit into any form of body armour.
You are cold-blooded and may be slowed by cold attacks.


Message History

Done exploring.
You see here a +0 flail.
There is a stone staircase leading down here.
You climb downwards.
The ogre closely misses you.
There is a stone staircase leading up, spattered with blood here.
The ogre misses you.
You climb upwards.
There is a stone staircase leading down here.
Casting: Shock (safe; 5% risk of failure)
Confirm with . or Enter, or press ? or * to list all spells.
Aiming: Shock (safe; 5% risk of failure)
Press: ? - help, Shift-Dir - straight line The zap hits the ogre.
The ogre is moderately wounded.
The zap misses the ogre.
The ogre closely misses you.
Casting: Shock (safe; 5% risk of failure)
Confirm with . or Enter, or press ? or * to list all spells.
Aiming: Shock (safe; 5% risk of failure)
Press: ? - help, Shift-Dir - straight line The zap hits the ogre.
The ogre is moderately wounded.
The zap hits the ogre.
The ogre is heavily wounded.
The ogre barely misses you.
Casting: Shock (safe; 5% risk of failure)
Confirm with . or Enter, or press ? or * to list all spells.
Aiming: Shock (safe; 5% risk of failure)
Press: ? - help, Shift-Dir - straight line, f - ogre
Aim: an ogre, wielding a +0 giant club (heavily wounded, 85% to hit)
The zap misses the ogre.
Casting: Shock (safe; 5% risk of failure)
Confirm with . or Enter, or press ? or * to list all spells.
Aiming: Shock (safe; 5% risk of failure)
Press: ? - help, Shift-Dir - straight line, f/p - ogre
Aim: an ogre, wielding a +0 giant club (heavily wounded, 85% to hit)
The zap hits the ogre.
The ogre is severely wounded.
The ogre hits you with a +0 giant club!!
Ouch! That really hurt!
You die...

#.# ###...........##......##
#.# ##..#.##.............##
###.# ##.....#.###########...
....#######..#.#)..# #.#.
##...##.....##...#.# #.##
#.#....########)#.# #.#
#.###..########>#.###########.#
#.#...........O.####..........#
#...##########.@# #..........#
##.### ##)####..........## ...#
#.[).............. ##.#
######.........##. #..#
#.........### ..## ###########
###


You could see an ogre.

Vanquished Creatures
  An orc wizard (D:1)
  A gnoll (D:1)
  An adder (D:2)
  A dart slug (D:1)
  2 orcs (D:1)
  An endoplasm (D:1)
  5 goblins (D:1)
  A hobgoblin (D:1)
  A quokka (D:2)
  A ball python (D:1)
  A bat (D:2)
  2 kobolds (D:1)
  2 rats (D:1)
20 creatures vanquished.

Notes
Turn   | Place    | Note
-------+----------+-------------------------------------------
     0 | D:1      | wingedge the Draconian Air Elementalist began the quest for
                  | the Orb.
     0 | D:1      | Reached XP level 1. HP: 14/14 MP: 3/3
   235 | D:1      | Reached XP level 2. HP: 16/20 MP: 0/5
  1011 | D:2      | Reached XP level 3. HP: 26/26 MP: 2/6
  1179 | D:2      | Noticed an ogre
  1443 | D:1      | Slain by an ogre

Illustrated notes

Levels and vault maps discovered:
D:1:      minmay_arrival_nine_rooms, layout_rooms, minmay_misc_feat_doors
D:2:      layout_basic, shapermc_ecumenical_altar_venn

Skill      XL: |  1  2 |
---------------+-------+-----
Stealth        | 2 |  2.0
Dodging        | 2 |  2.0
Spellcasting   | |  2.6
Conjurations   | |  1.9
Air Magic      | |  3.8

Action                   || total
-------------------------++-------
Melee: Spear             ||     6
Throw: Stone             ||     9
 Cast: Shock             ||    53
Armor: Skin              ||     8
Dodge: Dodged            ||    15
